 Dungeon Crawl Stone Soup version 0.30-a0-591-g3c58d2bc28 (webtiles) character file.

Game seed: 3090553421947055293

289 wormed the Changer (level 6, 0/40 HPs)
             Began as an Octopode Transmuter on Jan 5, 2023.
             Constricted to death by a ball python (1 damage)
             ... in a sewer.
             The game lasted 00:04:45 (2495 turns).

wormed the Changer (Octopode Transmuter)            Turns: 2495, Time: 00:04:46

Health: 0/40       AC:  1    Str: 10    XL:     6   Next: 31%
Magic:  8/10       EV: 10    Int: 17    God:
Gold:   138        SH:  0    Dex: 12    Spells: 3/10 levels left

rFire   . . .      SeeInvis .      - Unarmed
rCold   . . .      Faith    .    (no shield)
rNeg    . . .      Spirit   .    (helmet currently unavailable)
rPois   .          Reflect  .    (no amulet)
rElec   .          Harm     .    j - +4 ring of slaying
rCorr   .          Rampage  .    (no ring)
Will    .....                    (no ring)
Stlth   ++                       (no ring)
HPRegen 0.26/turn                (no ring)
MPRegen 0.12/turn                (no ring)
                                 (no ring)
                                 (no ring)

@: about to teleport, appendages, constricted
A: tentacle spike 3, almost no armour, amphibious, 8 rings, camouflage 1,
gelatinous body 1, (nimble swimmer 1), tentacles
a: End Transformation


You were in a sewer.
One of your tentacles had grown a beastly spike.
You visited 1 branch of the dungeon, and saw 3 of its levels.
You also visited: Sewer.

You collected 138 gold pieces.

Inventory:

Jewellery
 j - a +4 ring of slaying (left tentacle)
Wands
 a - a wand of flame (10)
Scrolls
 d - a scroll of immolation
 k - 2 scrolls of identify
 n - a scroll of fear {unknown}
Potions
 c - a potion of brilliance {unknown}
 e - a potion of berserk rage {unknown}
 f - a potion of lignification
 g - 2 potions of attraction {unknown}
 h - a potion of invisibility {unknown}
 l - a potion of cancellation {unknown}
 m - 2 potions of might {unknown}


   Skills:
 + Level 2.3 Fighting
 + Level 2.9 Dodging
 + Level 3.7 Unarmed Combat
 + Level 2.8 Spellcasting
 * Level 3.8 Transmutations
 + Level 1.8 Ice Magic


You had 3 spell levels left.
You knew the following spells:

 Your Spells              Type           Power      Damage    Failure   Level
a - Beastly Appendage     Tmut           30%        N/A       3%          1
b - Wereblood             Tmut           15%        N/A       5%          2
c - Ice Form              Ice/Tmut       12%        N/A       50%         4

Your spell library contained the following spells:

 Spells                   Type           Power      Damage    Failure   Level
 Apportation              Tloc           4%         N/A       19%         1
 Magic Dart               Conj           8%         1d3       19%         1
 Necrotise                Necr           8%         1d4       19%         1
 Summon Small Mammal      Summ           8%         N/A       19%         1
 Spider Form              Tmut/Pois      9%         N/A       24%         3
 Searing Ray              Conj           4%         2d4       26%         2
 Fulminant Prism          Conj/Hex       1%         3d5       87%         4


Dungeon Overview and Level Annotations

Branches:
Dungeon (3/15)              Sewer (1/1)

Altars:


Innate Abilities, Weirdness & Mutations

One of your tentacles has grown a beastly spike.
You cannot wear most types of armour.
You are amphibious.
You can wear up to eight rings at the same time.
Your skin changes colour to match your surroundings (Stealth+).
Your rubbery body absorbs attacks. (AC +1, EV +1)
((You are camouflaged when in or above water. (Stealth+)))
You have tentacles for arms and can constrict up to eight enemies at once.


Message History

The ball python constricts you. The bullfrog hits you!
You tentacle-slap the bullfrog but do no damage.
You grab the bullfrog. You squeeze the bullfrog!
The bullfrog is severely wounded.
You constrict the bullfrog. The ball python loses its grip on you.
The bullfrog barely misses you. The bullfrog hits you!
The ball python barely misses you. x2
As you read the scroll of teleportation, it crumbles to dust.
You feel strangely unstable.
You constrict the bullfrog. The bullfrog misses you.
The bullfrog closely misses you. The adder bites you.
The ball python bites you. The ball python grabs you.
The ball python constricts you.
The bullfrog hits you but does no damage.
The bullfrog hits you. The adder closely misses you.
You feel better.
You constrict the bullfrog. The bullfrog hits you. The bullfrog hits you!
* * * LOW HITPOINT WARNING * * *
The ball python bites you.
* * * LOW HITPOINT WARNING * * *
The ball python constricts you.
* * * LOW HITPOINT WARNING * * *
The adder bites you.
* * * LOW HITPOINT WARNING * * *
The ball python bites you.
* * * LOW HITPOINT WARNING * * *
The adder bites you.
* * * LOW HITPOINT WARNING * * *
You feel better.
You constrict the bullfrog. The bullfrog barely misses you.
The bullfrog closely misses you. The ball python bites you.
The ball python constricts you.
* * * LOW HITPOINT WARNING * * *
The adder barely misses you. The ball python barely misses you.
The adder bites you.
* * * LOW HITPOINT WARNING * * *
The bullfrog completely misses you. The bullfrog hits you!
* * * LOW HITPOINT WARNING * * *
The ball python bites you.
* * * LOW HITPOINT WARNING * * *
The ball python constricts you.
You die...

~~~~~#
#####~~~~~~#
††~~≈#
#≈~~~≈~#
~†~~~#
#≈~~~~≈#
≈≈~~~#
#≈~~~~≈#
≈~~~~#
#≈~~~~≈#
~~~~##
#≈≈~~≈~#
~)(~≈#
#≈≈~#~~#
~~~~##
#≈≈≈SS~#
~~~≈≈#
#≈≈SF@S#
~~~≈≈#
#≈≈l#FS#
~~~~≈#
#≈~~~SS#
~~~~~#
#≈~~~~≈#
≈~~~~#
#≈~~~~≈#
≈≈~~~#
#~~~~≈~#
~~~~~#
#~~≈~~~#
~~~~.#
##~~~~##
.....#
#......


You could see 2 bullfrogs, 2 adders, 5 ball pythons and a frilled lizard.

Vanquished Creatures
  Jessica (D:2)
  Terence (D:2)
  11 adders
  5 river rats (Sewer)
  A worm (D:2)
  A dart slug (D:2)
  5 endoplasms
  7 giant cockroaches
  3 goblins
  5 hobgoblins
  2 jackals (D:1)
  6 kobolds
  2 quokkas
  15 ball pythons
  3 bats
  7 frilled lizards
  27 rats
102 creatures vanquished.

Notes
Turn   | Place    | Note
-------+----------+-------------------------------------------
     0 | D:1      | wormed the Octopode Transmuter began the quest for the Orb.
     0 | D:1      | Reached XP level 1. HP: 13/13 MP: 3/3
    76 | D:1      | Reached XP level 2. HP: 16/18 MP: 3/5
   507 | D:1      | Reached XP level 3. HP: 17/23 MP: 6/6
   634 | D:1      | Learned a level 2 spell: Wereblood
   728 | D:2      | Noticed Terence
   745 | D:2      | Killed Terence
  1017 | D:2      | Noticed Jessica
  1029 | D:2      | Killed Jessica
  1030 | D:2      | Reached skill level 1 in Ice Magic
  1030 | D:2      | Reached XP level 4. HP: 29/29 MP: 3/7
  1555 | D:2      | Reached XP level 5. HP: 34/34 MP: 4/8
  1728 | D:2      | Learned a level 4 spell: Ice Form
  1867 | D:3      | Found a glowing drain.
  2045 | Sewer    | Entered a sewer
  2200 | Sewer    | Reached XP level 6. HP: 29/39 MP: 7/10
  2495 | Sewer    | HP: 2/40 [bullfrog (8)]
  2495 | Sewer    | Constricted to death by a ball python

Illustrated notes

Levels and vault maps discovered:
D:1:      dpeg_arrival_long_road, layout_basic, minmay_misc_feat_cross
D:2:      layout_basic, uniq_jessica, uniq_terence
D:3:      minmay_angry_zag, layout_basic, nemelex_dance_club_becter,
          gup_sewer_entry_glass, corexii_shack
Sewer:    sewer_minmay_w

Skill      XL: |  1  2  3  4  5 |
---------------+----------------+-----
Ice Magic      | 1 |  1.8
Transmutations | 3 |  3.8
Fighting       | 2 |  2.3
Dodging        | |  2.9
Unarmed Combat | |  3.7
Spellcasting   | |  2.8

Action                   |  1- 3 |  4- 6 || total
-------------------------+-------+-------++-------
Melee: Unarmed           |    61 |   111 ||   172
       Constrict         |    18 |    26 ||    44
       Tentacles         |    11 |    11 ||    22
       Punch             |     5 |     1 ||     6
       Kick              |    14 |    26 ||    40
 Cast: Beastly Appendage |    14 |    25 ||    39
       Wereblood         |     4 |    14 ||    18
  Use: Scroll            |     4 |     3 ||     7
       Potion            |     2 |     2 ||     4
 Stab: Sleeping          |     4 |     1 ||     5
Armor: Skin              |     9 |     5 ||    14
Dodge: Dodged            |    38 |    79 ||   117

Table legend: (Time is in decaauts)
 A = Elapsed time spent in this place.
 B = Non-inter-level travel time spent in this place.
 C = Inter-level travel time spent in this place.
 D = Time resting spent in this place.
 E = Time spent auto-exploring this place.
 F = Levels seen in this place.
 G = Mean time per level.
                   A        B        C        D        E       F      G
               +--------+--------+--------+--------+--------+-----+--------+
         Total |   2488 |   2472 |     16 |     75 |   1796 |   4 |  622.0 |
       Dungeon |   2042 |   2026 |     16 |     75 |   1528 |   3 |  680.7 |
         Sewer |    445 |    445 |      0 |      0 |    268 |   1 |  445.0 |
               +--------+--------+--------+--------+--------+-----+--------+

Top non-repeatable levels by time:
     D:2: 1103 daAuts
     D:1: 632 daAuts
   Sewer: 445 daAuts
     D:3: 306 daAuts
